 Dungeon Crawl Stone Soup version 0.31-a0-217-g58bb5d79cf (webtiles) character file.

Game seed: 3766056012876824992

50 qw the Chopper (level 3, -10/23 HPs)
             Began as a Gargoyle Fighter on July 2, 2023.
             Mangled by Terence
             ... wielding a +0 flail
              (11 damage)
             ... on level 2 of the Dungeon.
             The game lasted 00:00:44 (1269 turns).

qw the Chopper (Gargoyle Fighter)                   Turns: 1269, Time: 00:00:44

Health: -10/23     AC:  0    Str: 21    XL:     3   Next: 79%
Magic:  3/3        EV: 13    Int:  8    God:
Gold:   26         SH:  0    Dex:  9    Spells: 2/2 levels left

rFire   . . .        Y - melded +0 war axe
rCold   . . .        c - melded +0 buckler
rNeg    + . .        b - melded +0 scale mail
rPois   inf          (helmet currently unavailable)
rElec   .            (cloak currently unavailable)
rCorr   .            (gloves currently unavailable)
SInv    .            (boots currently unavailable)
Will    .....        (no amulet)
Stlth   +            (ring currently unavailable)
HPRegen 0.23/turn    (ring currently unavailable)
MPRegen 0.08/turn

%: no passive effects
@: pig-form, very quick
A: fast, no casting, sickness immunity, AC +3, small, negative energy resistance
1, (electricity resistance), torment resistance 1, petrification resistance
a: no special abilities


You were on level 2 of the Dungeon.
You were a filthy swine.
You visited 1 branch of the dungeon, and saw 2 of its levels.

You collected 52 gold pieces.
You spent 26 gold pieces at shops.


Innate Abilities, Weirdness & Mutations

You are a filthy swine.
You move quickly.
Your equipment is almost entirely melded.
You are incapable of wielding weapons or throwing items.
You cannot cast spells.
You are immune to sickness and miasma.
((Your stone body is resilient. (AC +3)))
You are immune to poison.
You resist negative energy. (rN+)
((You are resistant to electric shocks. (rElec)))
You are resistant to unholy torment.
You are immune to petrification.


   Skills:
 - Level 3.2 Fighting
 + Level 3.6 Axes
 - Level 3.2 Armour
 - Level 3.2 Shields


You had 2 spell levels left.
You didn't know any spells.
Your spell library was empty.

Inventory:

Hand Weapons
 e - a +0 club
 Y - a +0 war axe (melded)
Armour
 b - a +0 scale mail (melded)
 c - a +0 buckler (melded)
Jewellery
 f - a ring of wizardry
Scrolls
 g - a scroll of teleportation {unknown}
 h - 2 scrolls of identify
Potions
 a - a potion of berserk rage {unknown}
 d - a potion of might

Dungeon Overview and Level Annotations

Branches:
Dungeon (2/15)

Altars:

Shops:
D:1 [?[

Annotations:
D:2 Terence


Message History

Terence hits you with a +0 flail.
You completely miss Terence.
Terence is heavily wounded.
Terence closely misses you.
You completely miss Terence.
Terence is heavily wounded.
You condense into your normal self.
Your +0 war axe unmelds from your body.
Your +0 buckler unmelds from your body.
Your +0 scale mail unmelds from your body.
Terence zaps a wand.
You resist with significant effort.
You closely miss Terence.
Terence is heavily wounded.
Terence zaps a wand.
You turn into a filthy swine.
Your +0 war axe melds into your body.
Your +0 buckler melds into your body.
Your +0 scale mail melds into your body.
You barely miss Terence.
Terence is heavily wounded.
Terence barely misses you.
You hit Terence.
Terence is severely wounded.
Terence hits you with a +0 flail.
You hit Terence.
Terence is severely wounded.
Terence completely misses you.
You barely miss Terence.
Terence is severely wounded.
Terence misses you.
You closely miss Terence.
Terence is severely wounded.
Terence hits you with a +0 flail.
You closely miss Terence.
Terence is severely wounded.
Terence hits you with a +0 flail!
You hit Terence but do no damage.
Terence is severely wounded.
Terence barely misses you.
You hit Terence but do no damage.
Terence is severely wounded.
Terence hits you with a +0 flail!
You die...

###.. .........
##....... ...
..#...##....... ..
..#.#.##.......
....#.#.##......
.>..#.#.#.##...@####
#.# ..#.#.##....h..#
#.# #.#.#.##.......#
..# #.#.#..........#
..# #..............+
..# #.#.####.......#
..###.#.# #.......#
......#.# #.......#
..#...#.# #.......#
..#...#.# #########


You could see Terence.

Vanquished Creatures
  An adder (D:2)
  A dart slug (D:1)
  4 ball pythons
  5 bats
  7 endoplasms (D:1)
  A giant cockroach (D:1)
  3 goblins
  2 hobgoblins
  A quokka (D:2)
  3 frilled lizards
  4 kobolds
  2 rats (D:1)
34 creatures vanquished.

Notes
Turn   | Place    | Note
-------+----------+-------------------------------------------
     0 | D:1      | qw the Gargoyle Fighter began the quest for the Orb.
     0 | D:1      | Reached XP level 1. HP: 14/14 MP: 1/1
     0 | D:1      | 0 ||| qw: Version: 0.3-a-40-ge99b1a8
     0 | D:1      | 0 ||| qw: Game counter: 244
     0 | D:1      | 0 ||| qw: Melee chars always use a shield: true
     0 | D:1      | 0 ||| qw: God list: Okawaru
     0 | D:1      | 0 ||| qw: Allow faded altars: false
     0 | D:1      | 0 ||| qw: Do Orc after clearing Dungeon:15 true
     0 | D:1      | 0 ||| qw: Do second Lair branch before Depths: true
     0 | D:1      | 0 ||| qw: Lair rune preference: random
     0 | D:1      | 0 ||| qw: Goals: Normal, Zot:1-4, Slime:5, God:TSO, Crypt,
                  | Tomb, Abyss, Pan, Hells, Win
     0 | D:1      | 0 ||| PLANNING D:1-11
    46 | D:1      | Found Muffataw's Armour Boutique.
    52 | D:1      | 52 ||| SHOPLISTING +0 pair of gloves (63 gold, have 0).
    52 | D:1      | 52 ||| SHOPLISTING +2 chain mail of fire resistance (301
                  | gold, have 0).
   190 | D:1      | Found Fidedur's Armour Shoppe.
   232 | D:1      | Reached XP level 2. HP: 19/19 MP: 2/2
   236 | D:1      | 236 ||| Stepping ~*~*~tactically~*~*~ (stealth).
   432 | D:1      | 432 ||| Stepping ~*~*~tactically~*~*~ (hiding).
   554 | D:1      | Reached skill level 3 in Axes
   592 | D:1      | Found Kobbakkuph's Magic Scroll Emporium.
   600 | D:1      | Reached XP level 3. HP: 23/23 MP: 3/3
   605 | D:1      | 605 ||| BUYING scroll of identify (26 gold).
   605 | D:1      | Bought a scroll of identify for 26 gold pieces
   605 | D:1      | 605 ||| SHOPLISTING scroll of identify (26 gold, have 3).
   734 | D:1      | 734 ||| SHOPLISTING +0 chain mail (54 gold, have 3).
   790 | D:1      | 790 ||| READING scroll labelled OTSITA UTEPN.
   791 | D:1      | 791 ||| READING scroll labelled CAWUET SUIBYI.
   792 | D:1      | 792 ||| READING scroll labelled SEOQY DATYGHO.
   920 | D:2      | 920 ||| Stepping ~*~*~tactically~*~*~ (hiding).
  1160 | D:2      | 1160 ||| Stepping ~*~*~tactically~*~*~ (stealth).
  1238 | D:2      | Noticed Terence
  1239 | D:2      | 1239 ||| Stepping ~*~*~tactically~*~*~ (hiding).
  1240 | D:2      | 1240 ||| Stepping ~*~*~tactically~*~*~ (hiding).
  1241 | D:2      | 1241 ||| Stepping ~*~*~tactically~*~*~ (hiding).
  1267 | D:2      | HP: 1/23 [Terence/+0 flail (8)]
  1269 | D:2      | Mangled by Terence

Levels and vault maps discovered:
D:1:      amcnicky_arrival_blooded_trapdoor, layout_loops_ring, serial_shops,
          nicolae_shop_rolling_square, shop, nicolae_shop_statue_plus,
          minmay_distorted
D:2:      layout_basic, minmay_goblin_kobold_house, uniq_terence,
          uniq_crazy_yiuf_cottage

Skill      XL: |  1  2 |
---------------+-------+-----
Axes           | 2 3 |  3.6
Fighting       | |  3.2
Armour         | |  3.2
Shields        | |  3.2

Action                     || total
---------------------------++-------
  Melee: War axe           ||   108
         Unarmed           ||    24
    Use: Scroll            ||     3
 Armour: Scale mail        ||    71
         Skin              ||     2
  Dodge: Dodged            ||    66
  Block: Buckler           ||    22

Table legend:
 A = Non-vault XP
 B = Vault XP
 C = Vault XP percentage of total XP
 D = Non-vault monster count
 E = Vault monster count
 F = Vault count percentage of total count
                 A         B        C        D         E       F
            +---------+---------+-------+---------+---------+-------
      Total |      69 |       3 |   4.2 |      32 |       2 |   5.9
            +---------+---------+-------+---------+---------+-------
        D:1 |      40 |       3 |   7.0 |      22 |       2 |   8.3
        D:2 |      29 |       0 |   0.0 |      10 |       0 |   0.0
            +---------+---------+-------+---------+---------+-------
